 Dungeon Crawl Stone Soup version 0.22-a0-469-gf26638a (webtiles) character file.

457854 iamserjio the Conqueror (level 23, -3/240 HPs)
             Began as a Minotaur Fighter on June 12, 2018.
             Was the Champion of Okawaru.
             Killed from afar by a black draconian (8 damage)
             ... with a bolt of lightning
             ... on level 5 of the Depths on June 13, 2018.
             The game lasted 02:20:31 (49208 turns).

iamserjio the Conqueror (Minotaur Fighter)         Turns: 49208, Time: 02:20:32

Health: -3/240     AC: 31    Str: 29    XL:     23   Next: 31%
Magic:  28/28      EV: 21    Int:  5    God:    Okawaru [******]
Gold:   5657       SH: 27    Dex: 22    Spells: 22/22 levels left

rFire    + . .     SeeInvis +   L - +9 broad axe (flame)
rCold    . . .     Gourm    .   Q - +5 shield
rNeg     . . .     Faith    .   e - +9 plate armour of Kekiff {Dex+6}
rPois    +         Spirit   .   p - +2 hat {MR+}
rElec    +         Reflect  +   I - +2 cloak
rCorr    .         Harm     .   G - +2 pair of gloves "Pamops" {+Blink rElec Regen+ Str-4 Dex+4}
MR       ++...                  t - -1 pair of boots "Nadaz" {Str+5}
Stlth    ..........             a - +5 amulet of reflection
HPRegen  0.90/turn              K - ring of Xebbem {+Blink rF+ Dex+3}
MPRegen  0.21/turn              g - ring "Xote" {rElec rPois Dex-4 Slay+4 SInv}

@: corroded
A: retaliatory headbutt, horns 2
}: 2/15 runes: decaying, gossamer
a: Heroism, Finesse, Renounce Religion, Evoke Blink


You were on level 5 of the Depths.
You worshipped Okawaru.
Okawaru was exalted by your worship.
You were near starving.

You visited 7 branches of the dungeon, and saw 40 of its levels.
You visited the Abyss 1 time.
You also visited: Bailey, Ice Cave and Volcano.

You collected 7354 gold pieces.
You spent 1697 gold pieces at shops.

Inventory:

Hand Weapons
 H - a +3 broad axe of electrocution
 L - a +9 broad axe of flaming (weapon)
 R - the +14 obsidian axe {chop, +Fly SInv *Curse}
   (Okawaru gifted it to you on level 6 of the Lair of Beasts)

   It inflicts extra damage upon your enemies.
   It lets you see invisible.
   It lets you fly.
   It curses itself when equipped.
Missiles
 s - 2 throwing nets (quivered)
Armour
 e - the +9 plate armour of Kekiff (worn) {Dex+6}
   (You bought it in a shop on level 2 of the Orcish Mines)

   It affects your dexterity (+6).
 p - a +2 hat of magic resistance (worn)
 t - the -1 pair of boots "Nadaz" (worn) {Str+5}
   (You found it on level 1 of the Lair of Beasts)

   It affects your strength (+5).
 G - the +2 pair of gloves "Pamops" (worn) {+Blink rElec Regen+ Str-4 Dex+4}
   (Okawaru gifted it to you on level 2 of the Spider Nest)

   It affects your strength (-4).
   It affects your dexterity (+4).
   It insulates you from electricity.
   It lets you blink.
   It increases your rate of regeneration.
 I - a +2 cloak (worn)
 Q - a +5 shield (worn)
 V - the +1 hat of Weimpar {rC+ Int+3}
   (Okawaru gifted it to you on level 12 of the Dungeon)

   It affects your intelligence (+3).
   It protects you from cold.
 Y - a +4 scale mail of magic resistance
 Z - a +2 pair of boots of flying
Jewellery
 a - a +5 amulet of reflection (around neck)
 c - an uncursed ring of protection from cold
 g - the ring "Xote" (right hand) {rElec rPois Dex-4 Slay+4 SInv}
   (You bought it in a shop on level 2 of the Orcish Mines)

   [ring of see invisible]

   It affects your dexterity (-4).
   It affects your accuracy and damage with ranged weapons and melee attacks
   (+4).
   It insulates you from electricity.
   It protects you from poison.
   It lets you see invisible.
 m - an uncursed ring of positive energy
 F - an uncursed ring of protection from fire
 J - an uncursed amulet of regeneration
 K - the ring of Xebbem (left hand) {+Blink rF+ Dex+3}
   (You found it on level 1 of the Depths)

   [ring of dexterity]

   It affects your dexterity (+3).
   It protects you from fire.
   It lets you blink.
Wands
 N - a wand of digging (34)
 O - a wand of acid (25)
 S - a wand of paralysis (65)
Scrolls
 i - 2 scrolls of fear
 j - 2 scrolls of blinking
 k - 8 scrolls of enchant armour
 q - 15 scrolls of teleportation
 u - 2 scrolls of brand weapon
 v - a scroll of holy word
 z - 7 scrolls of identify
 B - 2 scrolls of magic mapping
 E - 6 scrolls of fog
 M - 16 scrolls of remove curse
 T - 2 scrolls of silence
 X - 2 scrolls of summoning
Potions
 b - 14 potions of curing
 d - a potion of berserk rage
 h - 2 potions of cancellation
 l - 7 potions of agility
 o - 10 potions of might
 y - a potion of ambrosia
 A - 3 potions of mutation
 C - 4 potions of resistance
 D - a potion of invisibility
 P - a potion of haste
 W - 4 potions of heal wounds
Miscellaneous
 n - 3 boxes of beasts
 r - a lightning rod (4/4)
 w - 2 sacks of spiders
 x - a phial of floods
 U - 2 phantom mirrors
Comestibles
 f - 70 rations


   Skills:
 O Level 27 Fighting
 - Level 20.0 Axes
 + Level 21.5 Armour
 + Level 15.6 Dodging
 + Level 17.7 Shields
 - Level 8.0 Invocations
 - Level 5.0 Evocations


You had 22 spell levels left.
You didn't know any spells.
Your spell library contained the following spells:

 Spells                   Type           Power        Failure   Level  Hunger
 Fireball                 Conj/Fire      #.........   100%        5    ######.
 Conjure Flame            Conj/Fire      #.......     99%         3    ####...
 Bolt of Cold             Conj/Ice       #.........   100%        6    #######
 Lightning Bolt           Conj/Air       #.........   100%        5    ######.
 Bolt of Magma            Conj/Fire/Erth #.........   100%        5    ######.
 Confuse                  Hex            #.......     99%         3    ####...
 Throw Flame              Conj/Fire      #.....       97%         2    ###....
 Throw Frost              Conj/Ice       #.....       97%         2    ###....
 Freezing Cloud           Conj/Ice/Air   #.........   100%        6    #######
 Venom Bolt               Conj/Pois      #.........   100%        5    ######.
 Animate Dead             Necr           N/A          100%        4    #####..
 Pain                     Necr           #...         91%         1    ##.....
 Animate Skeleton         Necr           N/A          91%         1    ##.....
 Vampiric Draining        Necr           #.........   99%         3    ####...
 Freeze                   Ice            #...         91%         1    ##.....
 Ozocubu's Refrigeration  Ice            #.........   100%        6    #######
 Sticky Flame             Conj/Fire      #.......     100%        4    #####..
 Summon Ice Beast         Ice/Summ       #.......     100%        4    #####..
 Ozocubu's Armour         Chrm/Ice       #.......     99%         3    ####...
 Regeneration             Chrm/Necr      #.........   99%         3    ####...
 Sublimation of Blood     Necr           #.........   97%         2    ###....
 Tukima's Dance           Hex            #.......     99%         3    ####...
 Iron Shot                Conj/Erth      #.........   100%        6    #######
 Stone Arrow              Conj/Erth      #.....       99%         3    ####...
 Shock                    Conj/Air       #...         91%         1    ##.....
 Swiftness                Chrm/Air       #.......     97%         2    ###....
 Recall                   Summ/Tloc      N/A          99%         3    ####...
 Ice Form                 Ice/Tmut       #.......     100%        4    #####..
 Death Channel            Necr           #.........   100%        6    #######
 Deflect Missiles         Chrm/Air       #.........   100%        6    #######
 Throw Icicle             Conj/Ice       #.......     100%        4    #####..
 Airstrike                Air            #.........   100%        4    #####..
 Flame Tongue             Conj/Fire      #....        91%         1    ##.....
 Passwall                 Tmut/Erth      #.......     97%         2    ###....
 Ignite Poison            Fire/Tmut/Pois #.......     99%         3    ####...
 Ensorcelled Hibernation  Hex/Ice        #.....       97%         2    ###....
 Metabolic Englaciation   Hex/Ice        #.........   100%        5    ######.
 Silence                  Hex/Air        #.........   100%        5    ######.
 Static Discharge         Conj/Air       #.......     99%         3    ####...
 Corona                   Hex            #......      91%         1    ##.....
 Alistair's Intoxication  Tmut/Pois      #.......     100%        5    ######.
 Lee's Rapid Deconstruct  Erth           #.........   100%        5    ######.
 Sandblast                Erth           #.....       91%         1    ##.....
 Simulacrum               Ice/Necr       #.........   100%        6    #######
 Conjure Ball Lightning   Conj/Air       #.........   100%        6    #######
 Petrify                  Tmut/Erth      #.......     100%        4    #####..
 Orb of Destruction       Conj           #.........   100%        7    #######
 Tornado                  Air            #.........   100%        9    #######
 Shroud of Golubria       Chrm/Tloc      #.........   97%         2    ###....
 Inner Flame              Hex/Fire       #.......     99%         3    ####...
 Iskenderun's Battlesphe  Conj/Chrm      #.......     100%        5    ######.
 Dazzling Spray           Conj/Hex       #.....       99%         3    ####...
 Infusion                 Chrm           #...         91%         1    ##.....
 Song of Slaying          Chrm           #.......     97%         2    ###....
 Spectral Weapon          Hex/Chrm       #.......     99%         3    ####...
 Summon Lightning Spire   Summ/Air       #.......     100%        4    #####..
 Spellforged Servitor     Conj/Summ      #.........   100%        7    #######
 Irradiate                Conj/Tmut      #.........   100%        5    ######.
 Borgnjor's Vile Clutch   Necr/Erth      #.........   100%        5    ######.


Dungeon Overview and Level Annotations

Branches:
Dungeon (15/15)            Temple (0/1) D:7            Lair (6/6) D:11
  Swamp (4/4) Lair:4       Spider (4/4) Lair:3        Slime (0/5) Lair:5
    Orc (2/2) D:9             Elf (0/3) Orc:2        Vaults (4/5) D:14
  Crypt (0/3) Vaults:2     Depths (5/5) D:15
    Zot: Depths:5

Altars:
Ashenzari
Dithmenos
Hepliaklqana
Makhleb
Okawaru
Ru
Trog
Uskayaw
Vehumet
Xom
Yredelemnul
The Shining One
Beogh
Jiyva

Shops:
D:7 :   D:14 *   Orc:2 *[(=   Vaults:1 [   Depths:3 *

Portals:
Hell: Depths:1 Depths:2 Depths:3 Depths:4 Depths:5
Abyss: Depths:3 Depths:4
Pandemonium: Depths:3

Annotations:
D:7 1 runed door, exclusion: door
D:14 exclusion: door
Depths:2 1 exclusion


Innate Abilities, Weirdness & Mutations

You reflexively headbutt those who attack you in melee.
You have a pair of horns on your head.


Message History

The glob of acid hits you! The acid corrodes you!
You are splashed with acid!
The acid burns!
* * * LOW HITPOINT WARNING * * *
A vampire mage comes into view.
The black draconian completely misses you.
There is a stone staircase leading up, spattered with blood here.
Things that are here:
a +0 troll leather armour; a deep troll corpse You block the deep troll's attack. x2; The deep troll closely misses you.
The deep troll earth mage bites you!
* * * LOW HITPOINT WARNING * * *
You block the deep troll earth mage's attack.
The deep troll earth mage misses you. The fire dragon closely misses you.
The fire dragon misses you.
The fire dragon tramples you but does no damage.
The black draconian breathes lightning at you.
The bolt of lightning hits the deep troll.
The deep troll dies!
The bolt of lightning misses you. The bolt of lightning hits you! You resist.
You die...

,,,**,,,,,,,,*,,,,,,,,,,,,,,,,*,*
,,,,,,,,,?..#............,,,,,*,*
,,,,,,,,,...............##,,,,,,,
,,,,,,,**................##*,,*,,
,,,,,,,**.................###****
,,,,,,,,,.....D.............#
,,,,,,,,,......d..d........###
,,,,,,,,,V...#.D.dd..........#
,,,,,,,,,......T@.C.[.......#*
,,,,,,,,∩....#.#.T.........###
,,,,,,,,,.,,...........†)....##
,,,,,,,,,,..............).....#
,,,,*,,,,...#..#####...)))....#
**,,*****..,##. #..#...8..∩#
,*,,,,**,.,,,## ####.......#
,,,,,,****,,** #.......#
,,,,,,,,**,** ##.....##


You could see a frost giant, 2 draconians, a yellow draconian, a white
draconian, a fire dragon, an ice dragon, an iron troll, a vampire mage and a
deep troll earth mage.

Vanquished Creatures
  A juggernaut (Depths:4)
  Boris (Vaults:4)
  4 caustic shrikes (Depths:4)
  Margery (Depths:5)
  Nikola (Swamp:2)
  A bone dragon (Swamp:4)
  3 titans
  3 liches
  A deep elf master archer (Depths:4)
  2 tentacled starspawn (Abyss:3)
  2 acid blobs (Depths:3)
  6 sphinxes
  4 shadow dragons
  2 tengu reavers (Vaults:4)
  A thorn hunter (Swamp:4)
  6 storm dragons
  A nagaraja (Depths:3)
  5 fire giants
  A deep elf sorcerer (Vaults:2)
  7 vault wardens
  An iron dragon (Depths:4)
  Louise (Swamp:4)
  19 frost giants
  5 orc warlords
  5 emperor scorpions
  3 ghost moths
  Aizul (Swamp:3)
  A reaper (Depths:3)
  7 ironheart preservers
  17 stone giants
  A caustic shrike skeleton (Depths:4)
  A deep elf elementalist (Depths:4)
  A spriggan defender (Depths:4)
  7 vampire knights
  7 very ugly things
  A deep elf annihilator (Vaults:2)
  3 deep elf demonologists
  5 entropy weavers
  2 green draconians (Depths:3)
  A black draconian (Depths:3)
  2 white draconians (Depths:3)
  A dire elephant (D:15)
  7 spark wasps
  The ghost of Gildeon the Cleaver, a journeyman MiFi of Okawaru (Lair:2)
  A green death (Depths:3)
  8 ettins
  A mummy priest (Depths:3)
  11 fire dragons
  A deep elf death mage (Depths:4)
  Josephine (D:10)
  A merfolk impaler (Depths:2)
  A deep elf high priest (Depths:4)
  3 jiangshi
  7 yaktaur captains
  12 great orbs of eyes
  17 ogre magi
  3 catoblepae
  2 rakshasas
  16 hydras
  2 ghost crabs (Swamp:4)
  A hell beast (Depths:3)
  A spriggan air mage (Depths:3)
  12 centaur warriors
  12 ice dragons
  55 two-headed ogres
  7 alligators
  A dancing weapon (Depths:3)
  A hell hog (Volcano)
  A two-headed ogre (shapeshifter) (Depths:4)
  3 deep troll shamans
  13 death yaks
  3 spriggan berserkers
  10 deep troll earth magi
  3 tengu warriors
  An orc high priest (Orc:2)
  A soul eater (Depths:3)
  5 vampire magi
  Urug (Orc:2)
  A deep elf knight (Vaults:4)
  A sun demon (Depths:3)
  An iron troll (Depths:2)
  A salamander mystic (Depths:3)
  The ghost of ThereIsNoGod the Bolt Thrower, a novice GnWn (D:6)
  A spatial maelstrom (Abyss:3)
  A golden dragon zombie (Depths:3)
  7 hell knights
  5 skeletal warriors
  11 swamp dragons
  3 unseen horrors
  2 spriggan druids
  A death drake (Swamp:3)
  2 spark wasp zombies (Depths:4)
  4 glowing orange brains
  4 flayed ghosts
  3 wizards
  14 deep trolls
  A shambling mangrove (Swamp:2)
  A sphinx zombie (Depths:3)
  10 harpies
  21 orc knights
  A tengu zombie (Vaults:2)
  6 necromancers
  A harpy (shapeshifter) (D:15)
  6 spectral hydras
  2 deep elf archers
  15 orb spiders
  2 phantasmal warriors
  4 deep elf magi
  6 ironbrand convokers
  2 oklob plants (Lair:3)
  An orb spider (shapeshifter) (Vaults:2)
  28 wolf spiders
  11 orc sorcerers
  30 ugly things
  A manticore (Lair:6)
  2 moths of wrath
  6 cyclopes
  3 salamanders (Depths:3)
  A fire giant skeleton (Vaults:2)
  A stone giant skeleton (Vaults:2)
  8 elephants (Lair:6)
  10 vault sentinels
  An ice statue (IceCv)
  A naga mage (D:15)
  4 torpor snails
  Joseph (D:10)
  A torpor snail (shapeshifter) (Vaults:3)
  A guardian serpent (shapeshifter) (Depths:4)
  A storm dragon simulacrum (Depths:3)
  A black mamba (Lair:6)
  Psyche (D:10)
  A gargoyle (D:10)
  20 spiny frogs
  9 demonic crawlers
  6 swamp worm zombies
  41 yaktaurs
  5 rime drakes
  6 freezing wraiths
  10 komodo dragons
  A yaktaur (shapeshifter) (Vaults:4)
  A tengu conjurer (D:13)
  13 tyrant leeches
  3 meliai (Spider:2)
  A meliai (shapeshifter) (Depths:4)
  13 bog bodies
  12 trolls
  3 trolls (shapeshifter)
  6 hydra zombies (Swamp:4)
  36 jumping spiders
  16 polar bears
  A sphinx simulacrum (Vaults:2)
  14 hornets
  44 slime creatures
  12 blink frogs
  8 hippogriffs
  Prince Ribbit (D:7)
  A dream sheep (Lair:6)
  4 raiju (Abyss:3)
  7 alligator zombies
  6 spectral swamp dragons
  A centaur simulacrum (D:15)
  5 spriggans
  70 redbacks
  2 shadows
  A tarantella (shapeshifter) (Depths:1)
  20 water elementals
  34 tarantellas
  A spriggan (shapeshifter) (Vaults:4)
  3 tyrant leech zombies (Swamp:3)
  4 vampires
  11 wraiths
  5 wyverns
  A hog (shapeshifter) (Vaults:4)
  2 basilisks
  13 fire bats
  A human (shapeshifter) (Depths:4)
  78 yaks
  16 humans (D:14)
  5 hungry ghosts
  A basilisk (shapeshifter) (Depths:1)
  A steam dragon (Volcano)
  31 vampire mosquitoes
  3 chaos spawn
  20 insubstantial wisps (Swamp:4)
  15 swamp worms
  3 large abominations
  9 wargs
  A soldier ant (shapeshifter) (Vaults:2)
  3 acid dragons
  3 spiny frog zombies (Swamp:3)
  A soldier ant (D:14)
  12 water moccasins
  A hell hound (D:14)
  3 porcupines
  54 orc warriors
  10 swamp drakes
  4 ice beasts
  4 sky beasts
  A black bear (D:8)
  2 necrophages
  8 phantoms
  11 boggarts
  A swamp dragon zombie (Swamp:4)
  An eye of draining (D:15)
  42 ogres
  2 orc skeletons
  23 wolves
  16 centaurs
  A centaur (shapeshifter) (Vaults:2)
  The ghost of Ratty the Changer, an amateur MfTm (D:3)
  17 crocodiles
  Blork the orc (D:5)
  A big kobold (D:14)
  A gnoll sergeant (D:10)
  28 bullfrogs
  5 scorpions
  2 troll zombies (Swamp:3)
  4 spriggan zombies (Swamp:3)
  An orc simulacrum (Vaults:1)
  13 killer bees
  An electric eel (Spider:2)
  A howler monkey (D:11)
  7 wights
  7 jellies
  10 centaur zombies
  5 crimson imps
  10 hounds
  2 lava snakes (D:14)
  A quasit (D:8)
  5 bullfrog zombies
  3 human zombies (D:15)
  20 orc priests
  2 bullfrog skeletons (D:10)
  6 centaur skeletons
  37 orc wizards
  4 iguanas
  A spectral swamp drake (Swamp:4)
  7 worker ants
  7 hell rats (Lair:5)
  2 killer bee zombies (D:8)
  3 hound skeletons
  4 mummies
  A worker ant zombie (D:5)
  A swamp drake zombie (Swamp:4)
  23 gnolls
  10 adders
  7 shadow imps
  3 adder zombies
  An adder skeleton (D:7)
  2 worms
  3 dart slugs
  3 leopard geckos
  117 orcs
  13 bats
  3 giant cockroaches (D:1)
  23 goblins
  20 hobgoblins
  14 jackals
  19 kobolds
  2 quokkas
  7 frilled lizards
  A jackal skeleton (D:5)
  A jackal zombie (D:6)
  An orc zombie (D:15)
  A quokka skeleton (D:6)
  5 rats
  5 briar patches (Swamp:4)
  2 fire vortices (D:14)
  8 fungi
  5 plants
  6 starspawn tentacles (Abyss:3)
  2 withered plants (Swamp:3)
2015 creatures vanquished.

Vanquished Creatures (collateral kills)
  A catoblepas (Lair:6)
  An orb spider (Spider:1)
  A manticore (Lair:6)
  3 dream sheep (Lair:6)
  A hippogriff (Lair:6)
  A yak (Lair:6)
  A water moccasin (Lair:6)
  A fungus (Lair:6)
  2 plants (Lair:6)
12 creatures vanquished.

Vanquished Creatures (others)
  A vault warden (Vaults:3)
  A stone giant (Vaults:4)
  A yaktaur captain (Depths:3)
  A rakshasa (Vaults:3)
  A centaur warrior (Depths:2)
  An alligator (Swamp:4)
  A deep troll (Depths:5)
  A deep elf archer (Vaults:2)
  2 cyclopes
  9 yaktaurs
  2 hornets
  3 yaks (IceCv)
  2 vampire mosquitoes
  2 wolves (IceCv)
  A centaur (D:13)
  3 fungi
  4 starspawn tentacles (Abyss:3)
36 creatures vanquished.

Grand Total: 2063 creatures vanquished

Notes
Turn   | Place    | Note
-------+----------+-------------------------------------------
     0 | D:1      | iamserjio the Minotaur Fighter began the quest for the Orb.
     0 | D:1      | Reached XP level 1. HP: 19/19 MP: 0/0
   161 | D:1      | Reached XP level 2. HP: 27/27 MP: 1/1
   430 | D:1      | Reached skill level 4 in Fighting
   430 | D:1      | Reached XP level 3. HP: 31/33 MP: 2/2
  1179 | D:3      | Reached XP level 4. HP: 40/40 MP: 3/3
  1722 | D:3      | Reached XP level 5. HP: 42/46 MP: 4/4
  1792 | D:3      | Reached skill level 5 in Axes
  1998 | D:3      | Found a sacrificial altar of Ru.
  2139 | D:3      | Noticed Ratty's ghost (amateur MfTm)
  2158 | D:3      | Killed Ratty's ghost
  2158 | D:3      | Reached skill level 5 in Armour
  2158 | D:3      | Reached skill level 5 in Shields
  2158 | D:3      | Reached XP level 6. HP: 43/52 MP: 5/5
  2538 | D:3      | Found a burning altar of Makhleb.
  3156 | D:4      | Found a shattered altar of Ashenzari.
  3459 | D:4      | Reached XP level 7. HP: 57/59 MP: 6/6
  3671 | D:5      | Entered Level 5 of the Dungeon
  4200 | D:5      | Noticed Blork the orc
  4203 | D:5      | Killed Blork the orc
  4523 | D:5      | Found an iron altar of Okawaru.
  4542 | D:5      | Became a worshipper of Warmaster Okawaru
  4593 | D:5      | Found a faded altar of an unknown god.
  4593 | D:5      | Found a hide-covered altar of Uskayaw.
  4598 | D:5      | Found a shadowy altar of Dithmenos.
  4600 | D:5      | Found a faded altar of an unknown god.
  4601 | D:5      | Found a glowing golden altar of the Shining One.
  4813 | D:6      | Found a transporter.
  4824 | D:6      | Noticed ThereIsNoGod's ghost (novice GnWn)
  5117 | D:6      | Reached XP level 8. HP: 66/66 MP: 7/7
  5796 | D:6      | Reached * piety under Okawaru
  5796 | D:6      | Reached skill level 5 in Fighting
  6155 | D:6      | Found a transporter.
  6236 | D:6      | Killed ThereIsNoGod's ghost
  6236 | D:6      | Reached skill level 10 in Axes
  6236 | D:6      | Reached XP level 9. HP: 64/75 MP: 8/8
  6302 | D:6      | Reached skill level 6 in Fighting
  6634 | D:6      | Found a radiant altar of Vehumet.
  6698 | D:7      | Found a hazy altar of Hepliaklqana.
  6826 | D:7      | Found Jur Secs's Book Shoppe.
  6839 | D:7      | Reached ** piety under Okawaru
  6851 | D:7      | Found a staircase to the Ecumenical Temple.
  6963 | D:7      | Reached skill level 7 in Fighting
  6985 | D:7      | Found a runed door.
  6988 | D:7      | Got a bloodstained mace
  6994 | D:7      | Got a bloodstained mace
  7126 | D:7      | Noticed a troll
  7457 | D:7      | Killed a troll
  7474 | D:7      | Noticed Prince Ribbit
  7762 | D:7      | Killed Prince Ribbit
  7993 | D:7      | Found a bloodstained altar of Trog.
  8443 | D:7      | Identified the +7 mace of the Oracle {crush, MR+ MP+9 Str+3 Stlth-} (You found it on level 7 of the Dungeon)
  8444 | D:7      | Identified the cursed +0 mace of Tozix {crush, +Inv rC- Str+10 Int-4} (You found it on level 7 of the Dungeon)
  8469 | D:8      | Noticed a two-headed ogre
  8492 | D:7      | Killed a two-headed ogre
  8492 | D:7      | Reached *** piety under Okawaru
  8492 | D:7      | Reached skill level 8 in Fighting
  8492 | D:7      | Reached XP level 10. HP: 61/88 MP: 9/9
  9133 | D:8      | Found a radiant altar of Vehumet.
  9138 | D:8      | Reached skill level 10 in Shields
  9843 | D:9      | Found a hide-covered altar of Uskayaw.
 10190 | D:9      | Reached **** piety under Okawaru
 10203 | D:9      | Reached skill level 9 in Fighting
 10617 | D:9      | Found a staircase to the Orcish Mines.
 10640 | D:9      | Reached XP level 11. HP: 38/97 MP: 10/10
 11091 | D:9      | Found a shimmering altar of Xom.
 11103 | D:9      | Reached ***** piety under Okawaru
 11273 | Orc:1    | Entered Level 1 of the Orcish Mines
 11807 | Orc:2    | Entered Level 2 of the Orcish Mines
 11864 | Orc:2    | Found a dark tunnel.
 12089 | Orc:2    | Noticed an orc sorcerer
 12091 | Orc:2    | Noticed an orc knight
 12117 | Orc:1    | Reached skill level 10 in Fighting
 12370 | Orc:1    | Killed an orc knight
 12429 | Orc:2    | Killed an orc sorcerer
 12429 | Orc:2    | Received a gift from Okawaru
 12549 | Orc:2    | Noticed Urug
 12591 | Orc:2    | Killed Urug
 12591 | Orc:2    | Reached skill level 1 in Invocations
 12783 | Orc:2    | Noticed an orc high priest
 12815 | Orc:2    | Noticed a sixfirhy
 12816 | Orc:2    | Killed an orc high priest
 12830 | Orc:2    | Found a burning altar of Makhleb.
 12847 | Orc:2    | Noticed an orc sorcerer
 12856 | Orc:2    | Killed an orc sorcerer
 13099 | Orc:2    | Noticed an orc knight
 13125 | Orc:2    | Killed an orc knight
 13476 | Orc:2    | Noticed an orc warlord
 13740 | Orc:1    | Killed an orc warlord
 13984 | Orc:2    | Reached XP level 12. HP: 76/108 MP: 14/14
 14266 | Orc:2    | Reached skill level 5 in Invocations
 14477 | Orc:2    | Found a roughly hewn altar of Beogh.
 14494 | Orc:2    | Found Ebloy's Antique Weapon Emporium.
 14498 | Orc:2    | Found Ciomn's Jewellery Emporium.
 14640 | Orc:2    | Found Jiufae's Antique Armour Emporium.
 14676 | Orc:2    | Found a staircase to the Elven Halls.
 14892 | Orc:2    | Paralysed by an orc sorcerer for 4 turns
 14898 | Orc:2    | Reached skill level 11 in Fighting
 15245 | Orc:2    | Found Juaphac's General Store.
 15251 | Orc:2    | Bought a potion of might for 52 gold pieces
 15268 | Orc:2    | Bought a distressingly furry plate armour for 980 gold pieces
 15278 | Orc:2    | Identified the +9 plate armour of Kekiff {Dex+6} (You bought it in a shop on level 2 of the Orcish Mines)
 15329 | D:10     | Entered Level 10 of the Dungeon
 15329 | D:10     | Noticed Josephine
 15329 | D:10     | Noticed Joseph
 15401 | D:10     | Found a flagged portal.
 15408 | Bailey   | Entered a bailey
 15880 | Bailey   | Noticed an orc warlord
 15899 | Bailey   | Killed an orc warlord
 15899 | Bailey   | Received a gift from Okawaru
 16058 | Bailey   | Identified 2 scrolls of acquirement
 16309 | D:10     | Noticed Psyche
 16316 | D:10     | Killed Psyche
 16453 | D:10     | Reached skill level 15 in Axes
 16454 | D:10     | Noticed a centaur warrior
 16461 | D:10     | Killed a centaur warrior
 16616 | D:10     | Reached skill level 12 in Fighting
 16659 | D:10     | Got a smelly scale mail
 16670 | D:10     | Identified the cursed +1 scale mail "Gashrun" {rPois MR++ Str-3 Slay+2} (You found it on level 10 of the Dungeon)
 16852 | D:10     | Killed Josephine
 17185 | D:10     | Killed Joseph
 17343 | D:11     | Reached skill level 10 in Armour
 17343 | D:11     | Reached XP level 13. HP: 119/119 MP: 16/16
 17420 | D:11     | Reached XP level 14. HP: 119/127 MP: 17/17
 17874 | D:11     | Received a gift from Okawaru
 17911 | D:11     | Found a staircase to the Lair.
 18499 | D:11     | Reached skill level 13 in Fighting
 18879 | D:12     | Reached ****** piety under Okawaru
 19077 | D:12     | Received a gift from Okawaru
 19081 | D:12     | Got a dazzling hat {god gift}
 19156 | D:12     | Identified the +1 hat of Weimpar {rC+ Int+3} (Okawaru gifted it to you on level 12 of the Dungeon)
 19945 | D:13     | Found a frozen archway.
 19980 | IceCv    | Entered an ice cave
 20896 | IceCv    | Received a gift from Okawaru
 20896 | IceCv    | Reached XP level 15. HP: 137/137 MP: 18/18
 21034 | IceCv    | Noticed a frost giant
 21048 | IceCv    | Reached skill level 14 in Fighting
 21081 | IceCv    | Killed a frost giant
 21095 | IceCv    | Reached skill level 15 in Shields
 21459 | D:13     | Found a shadowy altar of Dithmenos.
 21533 | D:13     | Got a pitted hat
 21549 | D:13     | Identified the +1 hat "Tesag" {Int+2} (You acquired it on level 13 of the Dungeon)
 21888 | Lair:1   | Entered Level 1 of the Lair of Beasts
 21931 | Lair:1   | Reached skill level 1 in Dodging
 21942 | Lair:1   | Reached skill level 1 in Evocations
 22129 | Lair:1   | Got a pair of twisted boots
 22140 | Lair:1   | Identified the cursed -1 pair of boots "Nadaz" {Str+5} (You found it on level 1 of the Lair of Beasts)
 22279 | Lair:1   | Found a dark tunnel.
 22287 | Volcano  | Entered a volcano
 22598 | Lair:1   | You fall through a shaft!
 22826 | Lair:2   | Noticed Gildeon's ghost (journeyman MiFi)
 22835 | Lair:2   | Killed Gildeon's ghost
 23602 | Lair:2   | You fall through a shaft!
 24036 | Lair:3   | Received a gift from Okawaru
 24037 | Lair:3   | Got a transparent broad axe {god gift}
 24039 | Lair:3   | Identified the +1 broad axe "Muts" {freeze, rElec rC- Int+6} (Okawaru gifted it to you on level 3 of the Lair of Beasts)
 24234 | Lair:3   | Found a hole to the Spider Nest.
 24826 | Lair:4   | Found a runed door.
 24985 | Lair:4   | Found a staircase to the Swamp.
 25257 | Lair:4   | Got a transparent hat
 25275 | Lair:4   | Identified the +0 hat "Fimuh" {+Fly Int+2} (You found it on level 4 of the Lair of Beasts)
 25571 | Lair:5   | Reached skill level 15 in Fighting
 25658 | Lair:5   | Found a staircase to the Slime Pits.
 25658 | Lair:5   | Found a viscous altar of Jiyva.
 26151 | Lair:6   | Entered Level 6 of the Lair of Beasts
 26164 | Lair:6   | Reached skill level 5 in Dodging
 26198 | Lair:6   | Received a gift from Okawaru
 26199 | Lair:6   | Found the +14 obsidian axe {chop, +Fly SInv *Curse}
 26579 | Lair:6   | Reached skill level 5 in Evocations
 26606 | Lair:6   | Reached XP level 16. HP: 133/149 MP: 19/19
 26668 | Lair:6   | Received a gift from Okawaru
 26669 | Lair:6   | Got an encrusted plate armour {god gift}
 26682 | Lair:6   | Identified the +1 plate armour "Metwoseo" {rPois rN+ Int+3 Stlth-} (Okawaru gifted it to you on level 6 of the Lair of Beasts)
 26863 | Lair:6   | Identified the amulet of Yesterday {Harm *Drain rElec Int+4 Dex+3 Slay+2} (You found it on level 6 of the Lair of Beasts)
 27965 | Swamp:1  | Entered Level 1 of the Swamp
 28259 | Orc:2    | Bought the ring "Xote" {rElec rPois Dex-4 Slay+4 SInv} for 665 gold pieces
 28533 | Swamp:1  | Reached skill level 16 in Fighting
 29092 | Swamp:2  | Noticed Nikola
 29115 | Swamp:2  | Killed Nikola
 29445 | Swamp:2  | Paralysed by a spriggan for 4 turns
 29923 | Swamp:3  | Received a gift from Okawaru
 31034 | Swamp:3  | Reached skill level 17 in Fighting
 31067 | Swamp:3  | Identified the +0 ring mail "Rifimeeq" {rPois Str+3 Stlth+} (You found it on level 3 of the Swamp)
 31178 | Swamp:3  | Noticed Aizul
 31196 | Swamp:3  | Killed Aizul
 31627 | Swamp:4  | Entered Level 4 of the Swamp
 31634 | Swamp:4  | Reached XP level 17. HP: 158/158 MP: 21/21
 31959 | Swamp:4  | Noticed Louise
 31971 | Swamp:4  | Received a gift from Okawaru
 31990 | Swamp:4  | Killed Louise
 32529 | Swamp:4  | Reached skill level 15 in Armour
 32580 | Swamp:4  | Noticed a bone dragon
 32601 | Swamp:4  | Killed a bone dragon
 32714 | Swamp:4  | Got a decaying rune of Zot
 32920 | Spider:1 | Entered Level 1 of the Spider Nest
 33056 | Spider:1 | Reached skill level 18 in Fighting
 33727 | Spider:2 | Reached skill level 10 in Dodging
 33732 | Spider:2 | Received a gift from Okawaru
 33757 | Spider:2 | Identified the +2 pair of gloves "Pamops" {+Blink rElec Regen+ Str-4 Dex+4} (Okawaru gifted it to you on level 2 of the Spider Nest)
 34874 | Spider:3 | Cast into level 3 of the Abyss (a Zot trap)
 34874 | Abyss:3  | Found a corrupted altar of Lugonu.
 34910 | Abyss:3  | Found a corrupted altar of Lugonu.
 34979 | Spider:3 | Escaped the Abyss
 35105 | Spider:4 | Entered Level 4 of the Spider Nest
 35110 | Spider:4 | Reached XP level 18. HP: 170/171 MP: 23/23
 35364 | Spider:4 | Reached skill level 19 in Fighting
 35438 | Spider:4 | Received a gift from Okawaru
 35784 | Spider:4 | Received a gift from Okawaru
 35787 | Spider:4 | Got a faintly glowing executioner's axe {god gift}
 35789 | Spider:4 | Identified the +5 executioner's axe "Uxituoso" {flame, +Blink Dex+5} (Okawaru gifted it to you on level 4 of the Spider Nest)
 36170 | Spider:4 | Got a gossamer rune of Zot
 36548 | D:14     | Found a gate to the Vaults.
 36615 | D:14     | Received a gift from Okawaru
 36698 | D:14     | Reached skill level 20 in Fighting
 36953 | D:14     | Found Ekeagin's General Store.
 37324 | Vaults:1 | Entered Level 1 of the Vaults
 37806 | Vaults:1 | Found Byrph's Antique Armour Shoppe.
 38216 | Vaults:1 | Reached XP level 19. HP: 184/184 MP: 24/24
 38578 | Vaults:2 | Received a gift from Okawaru
 38720 | Vaults:2 | Reached skill level 21 in Fighting
 38832 | Vaults:2 | Found a staircase to the Crypt.
 39690 | Vaults:3 | Received a gift from Okawaru
 40146 | Vaults:3 | Reached skill level 22 in Fighting
 40306 | Vaults:3 | Received a gift from Okawaru
 40466 | Vaults:3 | Reached XP level 20. HP: 159/197 MP: 25/25
 40965 | Vaults:4 | Received a gift from Okawaru
 41223 | Vaults:4 | Reached skill level 23 in Fighting
 41227 | Vaults:4 | Received a gift from Okawaru
 41487 | Vaults:4 | Noticed Boris
 41494 | Vaults:4 | Killed Boris
 41494 | Vaults:4 | Received a gift from Okawaru
 41506 | Vaults:4 | Identified the +1 broad axe "Adwiudo" {chop, rC+} (Okawaru gifted it to you on level 4 of the Vaults)
 42020 | D:15     | Entered Level 15 of the Dungeon
 42101 | D:15     | Found a basalt altar of Yredelemnul.
 42312 | D:15     | Received a gift from Okawaru
 42446 | D:15     | Reached skill level 15 in Dodging
 42459 | D:15     | Found a staircase to the Depths.
 42879 | Depths:1 | Entered Level 1 of the Depths
 42988 | Depths:1 | Reached XP level 21. HP: 210/210 MP: 26/26
 43021 | Depths:1 | Reached skill level 24 in Fighting
 43423 | Depths:1 | Identified the ring of Xebbem {+Blink rF+ Dex+3} (You found it on level 1 of the Depths)
 43520 | Depths:1 | Found a gateway to Hell.
 43818 | Depths:2 | Received a gift from Okawaru
 44475 | Depths:2 | Received a gift from Okawaru
 45391 | Depths:3 | Reached skill level 25 in Fighting
 45702 | Depths:3 | Found a large runed door.
 45702 | Depths:3 | Found a large runed door.
 45887 | Depths:3 | Found Ibanecaa's Blood Bar.
 46022 | Depths:3 | Found a one-way gate to the infinite horrors of the Abyss.
 46044 | Depths:3 | Received a gift from Okawaru
 46108 | Depths:3 | Found a one-way gate leading to the halls of Pandemonium.
 46382 | Depths:3 | Reached XP level 22. HP: 223/223 MP: 27/27
 47201 | Depths:3 | Identified the ring "Plog" {rPois rF+ Dex+3} (You took it off an orc knight on level 3 of the Depths)
 47420 | Depths:4 | Reached skill level 26 in Fighting
 47454 | Depths:4 | Noticed a caustic shrike
 47583 | Depths:4 | Noticed a juggernaut
 47609 | Depths:4 | Received a gift from Okawaru
 47651 | Depths:4 | Killed a juggernaut
 47651 | Depths:4 | Received a gift from Okawaru
 47654 | Depths:4 | Identified the +1 pair of gloves of Filth {rElec Str+3} (Okawaru gifted it to you on level 4 of the Depths)
 47745 | Depths:4 | Noticed a caustic shrike
 47760 | Depths:4 | Noticed a caustic shrike
 47777 | Depths:4 | Killed a caustic shrike
 47808 | Depths:4 | Killed a caustic shrike
 48014 | Depths:4 | Identified the Papyrus of Hurtful Aid
 48160 | Depths:4 | Noticed a caustic shrike
 48165 | Depths:4 | Killed a caustic shrike
 48288 | Depths:4 | Reached XP level 23. HP: 183/238 MP: 28/28
 48580 | Depths:4 | Killed a caustic shrike
 48588 | Depths:4 | Received a gift from Okawaru
 49001 | Depths:4 | Identified the amulet of Casoc {Reflect -Tele rPois Str-5 SH+2 SInv} (You took it off a vampire mage on level 4 of the Depths)
 49151 | Depths:5 | Entered Level 5 of the Depths
 49157 | Depths:5 | Noticed Margery
 49168 | Depths:5 | Reached skill level 27 in Fighting
 49184 | Depths:5 | Killed Margery
 49208 | Depths:5 | HP: 5/240 [deep troll earth mage (13)]
 49208 | Depths:5 | Killed from afar by a black draconian

Vault maps used:
D:1:      dpeg_arrival_rhombus, minmay_liquid_box, corner_web_ring
D:3:      lemuel_crystal_altar, first_ration, makhleb_heckhound_becter
D:4:      cheibrodos_ashenzari_chains
D:5:      chequers_temple_overflow_minitemple, okawaru_altar_gauntlet_db,
          uniq_blork_the_orc
D:6:      gammafunk_cloud_chamber, kennysheep_mini
D:7:      old_standard_altar, old_standard_altar,
          minmay_temple_entry_nine_rooms, serial_shops, nicolae_shop_trees,
          uniq_crazy_yiuf_cottage, uniq_prince_ribbit1
D:8:      basic_altar
D:9:      nicolae_overflow_crystal_walls, david_orc_3, basic_altar
D:10:     minmay_bloctagon, enter_bailey_2, uniq_josephine, uniq_psyche,
          uniq_joseph
D:11:     lair_entry_dummy, the_bakery, small_statue_intersection
D:12:     minmay_diamond_stairs, kennysheep_generic_room_7
D:13:     portal_ice_cave_entry_animals_and_master, grunt_dithmenos_shadows
D:14:     david_vaults_3, serial_shops, nicolae_shop_trees,
          grunt_decor_arrowhead, hangedman_incinerator
D:15:     hangedman_depths_entry_try_elsewhere_first,
          lemuel_mausoleum_altar_yredelemnul
Lair:1:   enter_volcano_4, serial_bayou_shore_b, grunt_megastairs_2
Lair:3:   nicolae_spider_entry_tight_spaces, minmay_lair_oklob_chamber,
          uniq_urug
Lair:4:   swamp_mist_pool, pf_torpor_hydra
Lair:5:   slime_altar_1
Lair:6:   evilmike_catoblepas_cave
Swamp:1:  nicolae_swamp_trees_clearing, swamp_pool4
Swamp:2:  serial_swamp_ruin, evilmike_swamp_ruin_rubble_2,
          hangedman_swamp_ruin_wall, infiniplex_staircase_pool, uniq_nikola
Swamp:3:  cheibrodos_swamp_mausoleum, evilmike_swamp_ruin_house_4, uniq_aizul
Swamp:4:  swamp_pestilence, swamp_pool5, uniq_louise
Spider:2: nicolae_spider_webbed_stairs
Spider:4: spider_rune_water
Orc:1:    serial_shops
Orc:2:    grunt_orc_cross, nicolae_volcano_entry_lava_flow, basic_altar,
          guppyfry_library_mini
Vaults:1: v_pattern_3, nicolae_vaults_network_periphery, grunt_vaults_funnel,
          vaults_dpeg_ring, ontoclasm_vaults_eye, vaults_room_semicircle,
          serial_shops, shop
Vaults:2: ontoclasm_vaults_fault, v_rooms_2, ontoclasm_vaults_ring_square,
          nicolae_vaults_little_squares_2, ontoclasm_vaults_spin,
          hangedman_vaults_river_flow, hangedman_vaults_nodes,
          vaults_room_fours, v_misc_13, nicolae_vaults_bisected_slash
Vaults:3: nicolae_vaults_ring_of_whatevers, v_misc_15, v_misc_33,
          ontoclasm_vaults_pinch, ontoclasm_vaults_chip,
          vaults_mumra_minichess_inversion, vaults_mumra_minichess,
          st_hourglassy, hangedman_vaults_maws
Vaults:4: v_alt_pattern_4, hangedman_vaults_trim,
          nicolae_vaults_yaktaur_gun_rack, nicolae_vaults_little_squares_4,
          ontoclasm_vaults_bender, v_misc_3, hangedman_vaults_locks,
          nicolae_vaults_network_star, nicolae_vaults_an_arrangement,
          ontoclasm_vaults_idyll, v_misc_31, v_alt_pattern_3,
          nicolae_vaults_specimen_jars, uniq_boris
Depths:1: pf_coc_iceberg, hangedman_abyss_or_decor_slice, minivault_12
Depths:2: wad_courtyard, serial_curves, eino_curves_04, eino_curves_04,
          kennysheep_small_spiral, grunt_hell_entry_dis_mu
Depths:3: lightli_eight_chambers, abyss_entry, rand_demon_pan_entry_1,
          hell_entry, kennysheep_boxes, guppyfry_shop_blood
Depths:4: hangedman_pleasuredromes, hell_entry, serial_shops, abyss_entry
Depths:5: grunt_twist_and_shout, enter_ziggurat_a, grunt_metal_band,
          mu_enter_wizlab_5, grunt_tough_drop
Abyss:3:  evilmike_abyss_rune_tso_outpost
Bailey:   bailey_axe_minmay_hex_keep, bailey
IceCv:    ice_cave_caverns_03
Volcano:  volcano_pools

Skill      XL: |  1  2  3  4  5  6  7  8  9 10 11 12 13 14 15 16 17 18 19 20 21 22 23 |
---------------+----------------------------------------------------------------------+-----
Axes           | 3 4 5 6 8 10 12 14 16 18 19 20 | 20.0
Fighting       | 4 5 8 9 10 12 13 15 17 18 20 22 23 25 26 27 | 27.0
Shields        | 4 5 6 8 9 10 11 13 14 15 16 17 | 17.7
Armour         | 4 5 6 7 10 12 13 14 15 16 18 19 20 21 | 21.5
Invocations    | 4 6 7 8 |  8.0
Dodging        | 6 8 10 12 13 15 | 15.6
Evocations     | 5 |  5.0

Action                   |  1- 3 |  4- 6 |  7- 9 | 10-12 | 13-15 | 16-18 | 19-21 | 22-24 || total
-------------------------+-------+-------+-------+-------+-------+-------+-------+-------++-------
Melee: War axe           |   127 |   192 |   249 |       |       |       |       |       ||   568
       Headbutt          |    16 |    30 |    50 |   216 |   325 |   418 |   423 |   205 ||  1683
       Mace              |       |       |    18 |   843 |   690 |       |       |       ||  1551
       Broad axe         |       |       |       |       |   334 |  1397 |  1175 |   510 ||  3416
Throw: Stone             |       |       |     1 |     1 |       |       |       |       ||     2
       Throwing net      |       |       |     1 |       |       |       |       |       ||     1
       Tomahawk          |       |       |       |     6 |       |       |       |       ||     6
Invok: Heroism           |       |       |     2 |     9 |     6 |     1 |     1 |     3 ||    22
       Finesse           |       |       |       |     1 |     2 |     1 |     2 |     3 ||     9
 Abil: Evoke Invisibilit |       |       |       |     1 |       |       |       |       ||     1
Evoke: Wand              |       |       |       |    13 |     2 |     7 |       |     4 ||    26
       Phial of floods   |       |       |       |       |     1 |     2 |       |       ||     3
  Use: Potion            |       |     5 |     3 |     4 |       |     3 |       |     2 ||    17
       Scroll            |       |       |    10 |     9 |    24 |    25 |     5 |    13 ||    86
 Stab: Invisible         |       |       |       |    16 |       |       |       |       ||    16
       Paralysed         |       |       |       |     2 |       |     4 |       |       ||     6
       Distracted        |       |       |       |       |     1 |     2 |       |       ||     3
       Confused          |       |       |       |       |       |     4 |       |       ||     4
  Eat: Chunk             |       |     8 |     4 |    24 |    27 |    18 |    19 |     6 ||   106
       Ration            |       |       |     4 |     2 |     1 |     6 |     2 |     1 ||    16
Armor: Scale mail        |    74 |    72 |    96 |   129 |    57 |       |       |       ||   428
       Plate armour      |       |       |       |   167 |   260 |   497 |   214 |   118 ||  1256
Dodge: Dodged            |    49 |    56 |    73 |   157 |   163 |   366 |   311 |   174 ||  1349
Block: Shield            |    87 |   100 |   143 |   535 |   878 |  1354 |  1023 |   459 ||  4579
       Reflection        |       |       |       |       |    27 |    18 |   107 |    30 ||   182
       Other             |       |       |       |       |       |     1 |       |       ||     1

Table legend:
 A = Spawn XP
 B = Non-spawn XP
 C = Spawn XP percentage of total XP
 D = Spawn monster count
 E = Non-spawn monster count
 F = Spawn count percentage of total count
 G = Total turns spent on level
                    A         B        C        D         E        F      G
               +---------+---------+-------+---------+---------+-------+---------
         Total |    7652 |  853183 |   0.9 |      10 |    2012 |   0.5 | 49208
               +---------+---------+-------+---------+---------+-------+---------
           D:1 |       0 |      60 |   0.0 |       0 |      32 |   0.0 |   753
           D:2 |       0 |      26 |   0.0 |       0 |      14 |   0.0 |   398
           D:3 |       0 |     475 |   0.0 |       0 |      48 |   0.0 |  1713
           D:4 |       0 |     288 |   0.0 |       0 |      15 |   0.0 |   807
           D:5 |       0 |     538 |   0.0 |       0 |      21 |   0.0 |  1842
           D:6 |       0 |    2146 |   0.0 |       0 |      14 |   0.0 |  1559
           D:7 |       0 |    2560 |   0.0 |       0 |      23 |   0.0 |  1400
           D:8 |       0 |    1781 |   0.0 |       0 |      36 |   0.0 |  1671
           D:9 |       0 |    4746 |   0.0 |       0 |      57 |   0.0 |  1285
          D:10 |       0 |    8462 |   0.0 |       0 |      46 |   0.0 |  1207
          D:11 |       0 |    9832 |   0.0 |       0 |      51 |   0.0 |  1332
          D:12 |       0 |   10938 |   0.0 |       0 |      37 |   0.0 |   983
          D:13 |       0 |   12731 |   0.0 |       0 |      40 |   0.0 |  1064
          D:14 |       0 |   13596 |   0.0 |       0 |      59 |   0.0 |   779
          D:15 |       0 |   26868 |   0.0 |       0 |      67 |   0.0 |   859
        Lair:1 |       0 |    3258 |   0.0 |       0 |      17 |   0.0 |  1133
        Lair:2 |       0 |    4988 |   0.0 |       0 |      16 |   0.0 |  1292
        Lair:3 |       0 |    7935 |   0.0 |       0 |      32 |   0.0 |  1225
        Lair:4 |       0 |    4876 |   0.0 |       0 |      17 |   0.0 |  1090
        Lair:5 |       0 |    4509 |   0.0 |       0 |      24 |   0.0 |   637
        Lair:6 |       0 |   27168 |   0.0 |       0 |      76 |   0.0 |   979
       Swamp:1 |       0 |   12018 |   0.0 |       0 |      35 |   0.0 |   864
       Swamp:2 |       0 |   16476 |   0.0 |       0 |      37 |   0.0 |   648
       Swamp:3 |       0 |   22447 |   0.0 |       0 |      66 |   0.0 |  1757
       Swamp:4 |       0 |   29701 |   0.0 |       0 |      81 |   0.0 |  1194
      Spider:1 |       0 |   14871 |   0.0 |       0 |      50 |   0.0 |   702
      Spider:2 |       0 |    9937 |   0.0 |       0 |      23 |   0.0 |   864
      Spider:3 |       0 |   16474 |   0.0 |       0 |      35 |   0.0 |   737
      Spider:4 |       0 |   42823 |   0.0 |       0 |     105 |   0.0 |   932
         Orc:1 |       0 |    4123 |   0.0 |       0 |      28 |   0.0 |  1470
         Orc:2 |       0 |    7499 |   0.0 |       0 |      51 |   0.0 |  2556
      Vaults:1 |       0 |   28193 |   0.0 |       0 |      56 |   0.0 |  1183
      Vaults:2 |       0 |   37639 |   0.0 |       0 |      77 |   0.0 |  1237
      Vaults:3 |       0 |   61294 |   0.0 |       0 |      85 |   0.0 |  1111
      Vaults:4 |       0 |   75229 |   0.0 |       0 |     100 |   0.0 |  1162
      Depths:1 |       0 |   43160 |   0.0 |       0 |      50 |   0.0 |  1058
      Depths:2 |       0 |   48891 |   0.0 |       0 |      57 |   0.0 |  1615
      Depths:3 |       0 |   87557 |   0.0 |       0 |      97 |   0.0 |  1670
      Depths:4 |       0 |  114734 |   0.0 |       0 |     101 |   0.0 |  1929
      Depths:5 |       0 |   13516 |   0.0 |       0 |      12 |   0.0 |    57
       Abyss:3 |    7652 |       0 | 100.0 |      10 |       0 | 100.0 |   105
        Bailey |       0 |    4530 |   0.0 |       0 |      69 |   0.0 |   801
         IceCv |       0 |   11168 |   0.0 |       0 |      46 |   0.0 |  1322
       Volcano |       0 |    3122 |   0.0 |       0 |       9 |   0.0 |   226
               +---------+---------+-------+---------+---------+-------+---------
